 Dungeon Crawl Stone Soup version 0.31-a0-1570-g93c622d (webtiles) character file.

Game seed: 11217420504824032208

132412 PublicAnimeNo1 the Marksdemonspawn (level 16, -5/116 HPs)
             Began as a Demonspawn Alchemist on Jan 3, 2024.
             Was the Champion of Hepliaklqana.
             Slain by Agnes
             ... wielding a +3 lajatang of speed
              (25 damage)
             ... on level 3 of the Snake Pit.
             The game lasted 00:57:14 (28541 turns).

PublicAnimeNo1 the Marksdemonspawn (DsAl)          Turns: 28541, Time: 00:57:15

Health: -5/116     AC: 10    Str:  9    XL:     16   Next: 57%
Magic:  25/29      EV: 21    Int: 18    God:    Hepliaklqana [******]
Gold:   727        SH:  5    Dex: 21    Spells: 17/33 levels left

rFire   . . .        M - +10 hand cannon "Cawet" {speed, ^Contam rPois rC+ Will+}
rCold   + + +        (no shield)
rNeg    + . .        n - +4 skin of Zhor {*Englaciate rC+++ SInv}
rPois   +            z - +0 helmet
rElec   .            a - +1 cloak
rCorr   +            m - +0 pair of gloves
SInv    +            (boots unavailable)
Will    ++...        f - amulet of reflection
Stlth   ++++         Q - ring of Tender Moments {rC+ rN+ rCorr Dex+2 Stlth-}
HPRegen 0.39/turn    (no ring)
MPRegen 0.21/turn

%: reflection
@: mighty, studying Polearms
A: reduced essence, hooves 3, repulsion field 2, powered by pain 2, spiny 2
a: Renounce Religion, Recall Ancestor, Ancestor Identity, Transference, Idealise


You were on level 3 of the Snake Pit.
You worshipped Hepliaklqana.
Hepliaklqana was exalted by your worship.
You visited 4 branches of the dungeon, and saw 25 of its levels.

You collected 2365 gold pieces.
You spent 1638 gold pieces at shops.

Inventory:

Hand Weapons
 M - the +10 hand cannon "Cawet" (weapon) {speed, ^Contam rPois rC+ Will+}
   (You bought it in a shop on level 5 of the Dungeon)

   rC+:       It protects you from cold.
   rPois:     It protects you from poison Will+: It increases your willpower.
   ^Contam:   It causes magical contamination when unequipped.
Missiles
 t - 6 throwing nets
Armour
 a - a +1 cloak (worn)
 k - a +3 leather armour of poison resistance
 m - a +0 pair of gloves (worn)
 n - the +4 skin of Zhor (worn) {*Englaciate rC+++ SInv}
   (You took it off an orc on level 12 of the Dungeon)

   *Englaciate: It radiates cold, occasionally slowing all nearby creatures who
   are not resistant to cold.
   rC+++:     It renders you almost immune to cold.
   SInv:      It lets you see invisible.
 r - a +2 kite shield
 y - a +1 ring mail of fire resistance
 z - a +0 helmet (worn)
Jewellery
 d - an amulet of faith
 f - an amulet of reflection (around neck)
 C - the ring "Paufum" {rPois rF+++ AC+4 Dex-4}
   (You took it off a spriggan on level 5 of the Lair of Beasts)

   [ring of protection]

   AC+4:      It affects your AC (+4).
   Dex-4:     It affects your dexterity (-4).
   rF+++:     It renders you almost immune to fire.
   rPois:     It protects you from poison
 H - a ring of see invisible
 J - the amulet of Dyf Haje {Faith rPois rC+ rN+}
   (You found it on level 3 of the Lair of Beasts)

   [amulet of faith]

   Faith:     It allows you to gain divine favour quickly.
   rC+:       It protects you from cold.
   rPois:     It protects you from poison rN+: It protects you from negative
   energy.
 O - an amulet of regeneration
 Q - the ring of Tender Moments (left hand) {rC+ rN+ rCorr Dex+2 Stlth-}
   (You acquired it on level 2 of the Orcish Mines)

   [ring of protection from cold]

   Dex+2:     It affects your dexterity (+2).
   rC+:       It protects you from cold.
   rN+:       It protects you from negative energy.
   rCorr:     It protects you from acid and corrosion.
   Stlth-:    It makes you less stealthy.
 T - a ring of protection from cold
 W - a +6 ring of intelligence
Wands
 c - a wand of mindburst (8)
 s - a wand of iceblast (10)
 u - a wand of digging (2)
 v - a wand of flame (30)
 w - a wand of polymorph (22)
 D - a wand of paralysis (12)
Scrolls
 g - a scroll of fog
 l - 4 scrolls of vulnerability
 o - 9 scrolls of identify
 B - a scroll of butterflies
 F - 2 scrolls of enchant weapon
 N - 3 scrolls of fear
 P - a scroll of silence
 S - a scroll of brand weapon
 V - a scroll of enchant armour
Potions
 b - 6 potions of might
 e - 5 potions of lignification
 i - 2 potions of berserk rage
 j - 3 potions of cancellation
 p - 3 potions of brilliance
 q - 2 potions of magic
 x - 4 potions of heal wounds
 A - 3 potions of haste
 E - 5 potions of curing
 G - 3 potions of enlightenment
 I - a potion of resistance
 K - a potion of ambrosia
 L - 2 potions of mutation
 R - a potion of attraction


   Skills:
 + Level 12.5 Fighting
 * Level 16.9 Ranged Weapons
 + Level 1.6 Armour
 + Level 9.0 Dodging
 - Level 10.0 Stealth
 - Level 9.0 Spellcasting
 - Level 4.5 Conjurations
 - Level 5.0 Fire Magic
 - Level 11.0 Alchemy
 - Level 6.0 Invocations


You had 17 spell levels left.
You knew the following spells:

 Your Spells              Type           Power      Damage    Failure   Level
a - Sting                 Conj/Alch      100%       1d9       1%          1
b - Mephitic Cloud        Conj/Alch/Air  26%        N/A       3%          3
c - Olgreb's Toxic Radia  Alch           47%        N/A       1%          4
d - Ignite Poison         Fire/Alch      37%        N/A       3%          4
e - Sticky Flame          Fire/Alch      37%        2d8       3%          4

Your spell library contained the following spells:

 Spells                   Type           Power      Damage    Failure   Level
 Magic Dart               Conj           96%        1d7       1%          1
 Mercury Vapours          Alch/Air       56%        N/A       1%          2
 Searing Ray              Conj           48%        2d6       1%          2
 Fulminant Prism          Conj/Alch      18%        3d10      3%          4
 Apportation              Tloc           16%        N/A       9%          1
 Necrotise                Necr           32%        1d5       9%          1
 Summon Small Mammal      Summ           32%        N/A       9%          1
 Leda's Liquefaction      Alch/Erth      14%        N/A       9%          4
 Petrify                  Alch/Erth      28%        N/A       9%          4
 Blink                    Tloc           16%        N/A       13%         2
 Call Imp                 Summ           16%        N/A       13%         2
 Call Canine Familiar     Summ           8%         N/A       26%         3
 Frozen Ramparts          Ice            16%        1d3       26%         3
 Passwall                 Erth           8%         N/A       26%         3
 Sigil of Binding         Hex            8%         N/A       26%         3
 Tukima's Dance           Hex            8%         N/A       26%         3
 Iskenderun's Mystic Bla  Conj/Tloc      16%        2d5       34%         4
 Dimensional Bullseye     Hex/Tloc       4%         N/A       65%         4
 Lee's Rapid Deconstruct  Erth           4%         3d5*      94%         5
 Metabolic Englaciation   Hex/Ice        4%         N/A       94%         5
 Silence                  Hex/Air        4%         N/A       94%         5
 Summon Forest            Summ/Tloc      4%         N/A       94%         5
 Summon Mana Viper        Hex/Summ       8%         N/A       94%         5
 Bombard                  Conj/Erth      8%         9d2       99%         6
 Conjure Ball Lightning   Conj/Air       8%         3x3d6     99%         6
 Summon Cactus Giant      Summ           4%         N/A       100%        6
 Ignition                 Fire           13%        3d6       100%        8


Dungeon Overview and Level Annotations

Branches:
Dungeon (15/15)            Temple (0/1) D:6            Lair (5/5) D:11
 Shoals (0/4) Lair:3        Snake (3/4) Lair:2        Slime (0/5) Lair:5
    Orc (2/2) D:12            Elf (0/3) Orc:2        Vaults (0/5) D:14
 Depths (0/4) D:15

Altars:
Ashenzari
Cheibriados
Fedhas
Hepliaklqana
Okawaru
Sif Muna
Trog
Uskayaw
Vehumet
Wu Jian
Jiyva
Lugonu

Shops:
D:5 (*(   D:13 *   Orc:2 ?*!:[?   Snake:1 !

Portals:
Abyss: Lair:5

Annotations:
D:3 Pargi
D:4 1 runed translucent door, Crazy Yiuf
D:10 exclusion: obsidian statue
Snake:1 3 runed translucent doors, Cuemoqil's ghost, journeyman TrDe; Eqogoitu's ghost, adept DEEE; Gyruhu's ghost, adept TrSh
Snake:3 Agnes; Donald; Mlioglotl


Innate Abilities, Weirdness & Mutations

Your life essence is reduced to manifest your ancestor. (-10% HP)
You have hooves in place of feet.
You are surrounded by a moderate repulsion field. (EV +3)
You sometimes gain power by taking damage.
You are mostly covered in sharp spines.


Message History

A naga comes into view. It is wielding a +0 trident.
You feel very sick. The naga closely misses you.
Decima barely misses the naga.
Donald says, "What sort of name is 'naga' anyway?
They're not even good at nagging."
As you read the scroll of teleportation, it crumbles to dust.
You feel strangely unstable.
You feel sick. The naga spits poison at you. The splash of poison hits you.
You resist. The naga completely misses you.
You feel sick.
Decima hits the naga with a +0 broad axe of flaming!!
Decima burns the naga.
The naga dies!
The naga attacks as it pursues you! The naga misses you.
You feel sick.
You feel sick.
Your surroundings suddenly seem different.
Found a scroll of teleportation.
You feel sick.
Found a scroll of butterflies.
You feel sick.
You feel sick.
You feel sick.
You are no longer poisoned.
Agnes is struck by your spines.
Agnes hits you with a +3 lajatang of speed!
Things that are here:
a +0 robe; a +2 halberd of venom Cast which spell? (? or * to list)
Aiming: Sticky Flame (mildly dangerous; 3% risk of failure)
Press: ? - help, Shift-Dir - straight line, f - Agnes
Aim: Agnes, wielding a +3 lajatang of speed and wearing a +0 robe (lightly wounded)
The sticky flame hits Agnes.
Agnes is lightly wounded.
Agnes burns!
Agnes hits you with a +3 lajatang of speed!!!
* * * LOW HITPOINT WARNING * * *
You focus on the pain.
You feel very mighty all of a sudden. Agnes is struck by your spines.
Agnes hits you with a +3 lajatang of speed!!
You die...
Agnes says, "May you follow the Path of Peace in your next life."

,,,,**,,,..N.......,,******,,,**,
,,,,***,,............# **,,,,,,,,
,,,** **,............# *,,,,,,,,,
,,,******............#**.,,,,,,,,
,,,*..#####..........#*..<,,,,,,,
,,,*....N............#...,,,,,,,,
,,*,......!<.............,,,,,,,,
,,,,...###.....[.........,,,,,,,,
,,,,,..######...@........,,,,,,,,
,,,,,,....#######i.......**,,,,,*
,,,,,,.......##........##*,,,,**,
,,,,,***#.........?.####,,,,***,,
,,,,** ##..........#*,,,,,,,,,,*
,,***#####.............,,,,,,,***
,,*###..................,,,,,**
,,*#....................,,,,**
,,,.....................,,,**


You could see Agnes (burning).

Vanquished Creatures
  Vashnia (Snake:2)
  Gastronok (Lair:3)
  Aizul (Snake:2)
  A nagaraja (Snake:2)
  A fire dragon (D:15)
  A crystal guardian (D:15)
  Josephine (D:15)
  4 vault guards (D:14)
  2 hydras
  A rakshasa (D:9)
  3 catoblepae
  An anaconda (Snake:1)
  4 centaur warriors
  4 boulder beetles
  4 two-headed ogres
  12 death yaks
  2 naga warriors (Snake:2)
  3 thrashing horrors (Lair:5)
  2 naga sharpshooters (Snake:1)
  3 shock serpents
  Sonja (D:11)
  3 orc high priests (Orc:2)
  A sun demon (D:15)
  5 skeletal warriors (D:14)
  A salamander mystic (Snake:2)
  2 skysharks
  2 fire crabs (D:15)
  6 arcanists (D:15)
  3 naga ritualists
  4 mana vipers (Snake:1)
  Pikel (D:7)
  4 orc knights (Orc:2)
  4 deep elf pyromancers
  2 cyclopes
  3 ugly things
  3 orc sorcerers (Orc:2)
  3 manticores
  5 elephants (Lair:1)
  4 large abominations (Lair:5)
  A meliai (D:14)
  20 black mambas
  3 kobold blastminers (Orc:2)
  5 rust devils (D:15)
  3 salamanders
  2 guardian serpents
  7 gargoyles
  4 naga magi
  4 cane toads
  2 cane toads (shapeshifter) (Lair:5)
  A molten gargoyle (D:15)
  4 kobold demonologists
  3 rime drakes
  4 komodo dragons
  An efreet (D:15)
  A freezing wraith (D:15)
  A tengu conjurer (D:15)
  5 yaktaurs (D:15)
  4 trolls
  A queen bee (shapeshifter) (Lair:5)
  3 polar bears
  4 raiju
  34 blink frogs
  A dream sheep (shapeshifter) (D:15)
  A raiju (shapeshifter) (D:15)
  An air elemental (D:15)
  A spriggan (Lair:5)
  4 slime creatures
  A vampire (D:12)
  A water elemental (D:15)
  25 yaks
  A basilisk (shapeshifter) (D:15)
  3 basilisks
  6 wraiths
  A hog (shapeshifter) (D:15)
  2 humans (Lair:5)
  4 wyverns
  3 hogs (Lair:5)
  Grum (D:8)
  A warg (Orc:2)
  10 vampire mosquitoes
  3 chaos spawn (Lair:5)
  3 steam dragons
  Menkaure (D:5)
  9 small abominations (Lair:5)
  23 nagas
  An acid dragon (D:9)
  Duvessa (D:5)
  2 meliai simulacra (D:15)
  8 water moccasins
  14 orc warriors
  A black bear (D:5)
  A swamp drake (D:12)
  A sky beast (D:8)
  5 ogres
  5 boggarts
  An ice beast (D:6)
  2 laughing skulls (D:13)
  20 wolves
  11 centaurs
  2 phantoms
  3 lemures (D:7)
  5 kobold brigands
  11 bullfrogs
  3 scorpions
  Dowan (D:5)
  10 killer bees
  2 howler monkeys
  A bombardier beetle (D:7)
  A hound (D:7)
  13 orc priests
  8 jellies
  3 gnoll boudas
  A sleepcap (D:6)
  5 iguanas
  26 orc wizards
  3 hell rats (Lair:1)
  12 gnolls
  7 adders
  8 river rats (Lair:1)
  2 shadow imps
  2 white imps (D:6)
  2 ufetubi (D:6)
  6 dart slugs
  5 ribbon worms
  55 orcs
  11 endoplasms
  2 giant cockroaches (D:1)
  10 goblins
  8 hobgoblins
  3 jackals (D:1)
  3 quokkas (D:1)
  8 ball pythons
  8 bats
  3 frilled lizards
  23 kobolds
  A kobold (shapeshifter) (D:14)
  6 rats
  A spectral orc (D:5)
689 creatures vanquished.

Vanquished Creatures (collateral kills)
  Jorgrun (Snake:2)
  Kirke (Lair:5)
  An orc warlord (Orc:2)
  Harold (D:9)
  A boulder beetle (D:13)
  4 anacondas
  A death yak (Lair:5)
  3 naga sharpshooters
  A sixfirhy (D:15)
  3 skeletal warriors (D:14)
  A large abomination (Lair:5)
  A mana viper (Snake:2)
  An arcanist (D:15)
  A naga ritualist (Snake:2)
  2 salamanders (Snake:2)
  A kobold blastminer (Orc:2)
  A naga mage (Snake:2)
  4 black mambas
  2 cane toads
  2 komodo dragons
  Psyche (D:9)
  A hornet (D:9)
  3 blink frogs
  2 yaks
  A wraith (D:15)
  2 basilisks
  A hog (Lair:5)
  5 nagas
  4 water moccasins
  2 orc warriors
  A black bear (D:8)
  A wolf (Lair:2)
  2 bullfrogs
  A kobold brigand (D:9)
  A gnoll sergeant (D:8)
  A small abomination (Lair:5)
  A howler monkey (D:8)
  3 hell rats (Lair:1)
  An orc (Orc:1)
  An endoplasm (Lair:5)
  A kobold (D:10)
69 creatures vanquished.

Vanquished Creatures (others)
  12 knights
  An ancestor (D:8)
  An adder (D:6)
  An orc (D:9)
15 creatures vanquished.

Grand Total: 773 creatures vanquished

Notes
Turn   | Place    | Note
-------+----------+-------------------------------------------
     0 | D:1      | PublicAnimeNo1 the Demonspawn Alchemist began the quest for
                  | the Orb.
     0 | D:1      | Reached XP level 1. HP: 13/13 MP: 3/3
   471 | D:1      | Gained mutation: You are partially covered in sharp spines.
                  | [demonic ancestry]
   471 | D:1      | Reached XP level 2. HP: 19/19 MP: 3/5
  1059 | D:1      | Gained mutation: You have large cloven feet. [demonic
                  | ancestry]
  1059 | D:1      | Reached XP level 3. HP: 24/24 MP: 4/6
  1356 | D:1      | Learned a level 3 spell: Mephitic Cloud
  2039 | D:2      | Gained mutation: You have hoof-like feet. [demonic
                  | ancestry]
  2039 | D:2      | Reached XP level 4. HP: 30/30 MP: 4/7
  2813 | D:3      | Noticed Pargi
  3026 | D:3      | Found a hide-covered altar of Uskayaw.
  3687 | D:3      | Gained mutation: You sometimes gain a little power by
                  | taking damage. [demonic ancestry]
  3687 | D:3      | Reached XP level 5. HP: 24/36 MP: 6/9
  3816 | D:3      | Found a broken altar of Ashenzari.
  3979 | D:3      | Learned a level 4 spell: Olgreb's Toxic Radiance
  4009 | D:3      | Found a radiant altar of Vehumet.
  4412 | D:4      | Reached skill level 1 in Fighting
  4782 | D:4      | Found a runed translucent door.
  4783 | D:4      | Noticed Crazy Yiuf
  5196 | D:5      | Entered Level 5 of the Dungeon
  5263 | D:5      | Found Wiseom's Weapon Shoppe.
  5384 | D:5      | Found Oklaci's Antique Weapon Shop.
  5384 | D:5      | Noticed Duvessa
  5386 | D:5      | Noticed Dowan
  5386 | D:5      | Noticed a phantom
  5424 | D:5      | Killed Duvessa
  5425 | D:5      | Reached skill level 5 in Alchemy
  5425 | D:5      | Reached XP level 6. HP: 40/40 MP: 2/10
  5442 | D:5      | Killed Dowan
  5502 | D:5      | Bought a bloodstained sling for 149 gold pieces
  5502 | D:5      | Identified the +8 sling of Dismemberment {drain, rPois
                  | Str+4} (You bought it in a shop on level 5 of the Dungeon)
  5539 | D:5      | Reached skill level 1 in Ranged Weapons
  5628 | D:5      | Reached XP level 7. HP: 41/51 MP: 12/12
  5706 | D:5      | Noticed Menkaure
  5712 | D:5      | Killed Menkaure
  5726 | D:5      | Reached skill level 2 in Ranged Weapons
  5765 | D:5      | Noticed a yak
  5766 | D:5      | Noticed a yak
  5767 | D:5      | Noticed a yak
  5768 | D:5      | Noticed a yak
  5771 | D:5      | Noticed a yak
  5771 | D:5      | Noticed a yak
  5793 | D:5      | Killed a yak
  5894 | D:5      | Found Ulaf's Assorted Antiques.
  5930 | D:5      | Found a hazy altar of Hepliaklqana.
  6019 | D:5      | Became a worshipper of Hepliaklqana the Forgotten
  6191 | D:5      | Killed a yak
  6192 | D:5      | Reached skill level 3 in Ranged Weapons
  6192 | D:5      | Gained mutation: You have hooves in place of feet. [demonic
                  | ancestry]
  6192 | D:5      | Reached XP level 8. HP: 53/58 MP: 5/14
  6290 | D:5      | Reached skill level 4 in Ranged Weapons
  6647 | D:6      | Reached XP level 9. HP: 65/65 MP: 15/15
  6656 | D:6      | Reached skill level 5 in Ranged Weapons
  6692 | D:6      | Found a staircase to the Ecumenical Temple.
  6981 | D:6      | Reached skill level 6 in Ranged Weapons
  7751 | D:7      | Reached skill level 7 in Ranged Weapons
  7820 | D:7      | Found a snail-covered altar of Cheibriados.
  7966 | D:7      | Noticed Pikel
  7983 | D:7      | Killed Pikel
  8072 | D:7      | Reached * piety under Hepliaklqana
  8205 | D:7      | Reached skill level 8 in Ranged Weapons
  8521 | D:8      | Noticed Grum
  8532 | D:8      | Gained mutation: You are surrounded by a mild repulsion
                  | field. (EV +2) [demonic ancestry]
  8532 | D:8      | Reached XP level 10. HP: 39/63 MP: 8/16
  8535 | D:8      | Killed Grum
  8858 | D:8      | Noticed a gargoyle
  8869 | D:8      | Killed a gargoyle
  9271 | D:9      | Noticed Psyche
  9416 | D:9      | Reached ** piety under Hepliaklqana
  9417 | D:9      | Remembered your ancestor Decima as a knight
  9446 | D:9      | Reached skill level 9 in Ranged Weapons
  9484 | D:9      | Noticed a cyan ugly thing
  9634 | D:9      | Noticed a rakshasa
  9639 | D:9      | Noticed a cyclops
  9703 | D:10     | Entered Level 10 of the Dungeon
  9732 | D:10     | Noticed a two-headed ogre
  9737 | D:10     | Killed a two-headed ogre
  9738 | D:10     | Reached skill level 10 in Alchemy
  9873 | D:10     | Noticed an obsidian statue
  9966 | D:10     | Reached skill level 1 in Invocations
 10172 | D:10     | Reached skill level 5 in Fighting
 10531 | D:10     | Learned a level 4 spell: Ignite Poison
 10625 | D:11     | Noticed a two-headed ogre
 10630 | D:11     | Noticed a boulder beetle
 10633 | D:11     | Killed a two-headed ogre
 10634 | D:11     | Reached XP level 11. HP: 71/71 MP: 8/17
 10652 | D:11     | Killed a boulder beetle
 10653 | D:11     | Reached skill level 10 in Ranged Weapons
 10653 | D:11     | Reached skill level 1 in Fire Magic
 10998 | D:11     | Found a staircase to the Lair.
 11149 | D:11     | Noticed Sonja
 11159 | D:11     | Killed Sonja
 11176 | D:11     | Reached *** piety under Hepliaklqana
 11578 | Lair:1   | Entered Level 1 of the Lair of Beasts
 11814 | Lair:1   | Learned a level 4 spell: Sticky Flame
 12054 | Lair:1   | Reached skill level 5 in Stealth
 12227 | Lair:1   | Identified the +1 quarterstaff "Cyeq" {venom, rC+ Dex+3}
 12587 | Lair:2   | Reached **** piety under Hepliaklqana
 12694 | Lair:2   | Reached XP level 12. HP: 77/77 MP: 14/18
 13118 | Lair:2   | Found a staircase to the Snake Pit.
 13556 | Lair:3   | Found a staircase to the Shoals.
 13686 | Lair:3   | Reached skill level 5 in Dodging
 13773 | Lair:3   | Noticed a five-headed hydra
 13847 | Lair:3   | Reached skill level 11 in Ranged Weapons
 13884 | Lair:3   | Noticed a death yak
 13885 | Lair:3   | Noticed a death yak
 13889 | Lair:3   | Noticed a death yak
 13894 | Lair:3   | Killed a death yak
 13894 | Lair:3   | Killed a death yak
 13897 | Lair:3   | Killed a death yak
 13898 | Lair:3   | Reached skill level 5 in Spellcasting
 13898 | Lair:3   | Reached skill level 5 in Fire Magic
 14029 | Lair:3   | Identified the amulet of Dyf Haje {Faith rPois rC+ rN+}
 14403 | Lair:3   | Identified the blade talisman "Kireokeuli" {rC+ Will+
                  | Dex+4}
 14604 | Lair:3   | Noticed Gastronok
 14619 | Lair:3   | Killed Gastronok
 14927 | Lair:4   | Noticed a five-headed hydra
 14931 | Lair:4   | Found a hide-covered altar of Uskayaw.
 14931 | Lair:4   | Found an ornate altar of the Wu Jian Council.
 14931 | Lair:4   | Noticed a boulder beetle
 14939 | Lair:4   | Killed a boulder beetle
 14940 | Lair:4   | Gained mutation: You are mostly covered in sharp spines.
                  | [demonic ancestry]
 14940 | Lair:4   | Reached XP level 13. HP: 84/84 MP: 10/22
 15072 | Lair:4   | Reached ***** piety under Hepliaklqana
 15680 | D:5      | Bought the +10 hand cannon "Cawet" {speed, ^Contam rPois
                  | rC+ Will+} for 865 gold pieces
 16576 | Lair:5   | Entered Level 5 of the Lair of Beasts
 16595 | Lair:5   | Reached skill level 12 in Ranged Weapons
 16753 | Lair:5   | Found a viscous altar of Jiyva.
 16753 | Lair:5   | Found a staircase to the Slime Pits.
 17560 | Lair:5   | Noticed Kirke
 17562 | Lair:5   | Noticed a sphinx
 17731 | Lair:5   | Noticed a sphinx
 17737 | Lair:5   | Killed Kirke
 18099 | Lair:5   | Reached XP level 14. HP: 95/95 MP: 22/26
 18130 | Lair:5   | Identified the ring "Paufum" {rPois rF+++ AC+4 Dex-4}
 18461 | Lair:5   | Found a corrupted altar of Lugonu.
 18461 | Lair:5   | Found a one-way gate to the infinite horrors of the Abyss.
 18474 | Lair:5   | Identified the +5 chain mail "Cikad" {rCorr Int-4 Dex-2
                  | Slay+5}
 18867 | D:12     | Found a bloodstained altar of Trog.
 18925 | D:12     | Reached skill level 13 in Ranged Weapons
 19160 | D:12     | Found a staircase to the Orcish Mines.
 19600 | Orc:1    | Entered Level 1 of the Orcish Mines
 19921 | Orc:1    | Reached ****** piety under Hepliaklqana
 20034 | Orc:2    | Entered Level 2 of the Orcish Mines
 20034 | Orc:2    | Noticed an orc warlord
 20042 | Orc:2    | Killed an orc warlord
 20043 | Orc:2    | Reached skill level 10 in Stealth
 20157 | Orc:2    | Found Miheoting's Magic Scroll Boutique.
 20210 | Orc:2    | Reached skill level 5 in Invocations
 20375 | Orc:2    | Found Muuquemm's Assorted Antiques.
 20713 | Orc:2    | Found Qisev's Book Shop.
 20713 | Orc:2    | Found Kigat's Distillery.
 20715 | Orc:2    | Found Vysyh's Magic Scroll Shop.
 20715 | Orc:2    | Found Goinuoth's Antique Armour Emporium.
 20767 | Orc:2    | Bought a scroll of acquirement for 624 gold pieces
 20767 | Orc:2    | Acquired the ring of Tender Moments {rC+ rN+ rCorr Dex+2
                  | Stlth-}
 20967 | Orc:2    | Found a staircase to the Elven Halls.
 21500 | D:13     | Found Poirac's General Store.
 21577 | D:13     | Found a shimmering blue altar of Sif Muna.
 21603 | D:13     | Reached skill level 14 in Ranged Weapons
 21608 | D:13     | Reached skill level 10 in Fighting
 22192 | D:9      | Killed Psyche
 22257 | D:9      | Found an ornate altar of the Wu Jian Council.
 22262 | D:9      | Found an iron altar of Okawaru.
 22262 | D:9      | Found a blossoming altar of Fedhas.
 22518 | D:9      | Noticed Harold
 22525 | D:9      | Killed Harold
 22526 | D:9      | Gained mutation: You sometimes gain power by taking damage.
                  | [demonic ancestry]
 22526 | D:9      | Reached XP level 15. HP: 103/103 MP: 24/28
 23395 | D:14     | Found a gate to the Vaults.
 23844 | D:15     | Entered Level 15 of the Dungeon
 23937 | D:15     | Reached skill level 15 in Ranged Weapons
 23980 | D:15     | Identified the staff "Faicheher" {rC+ Stlth+ Conj Hexes
                  | Tloc Ice}
 24234 | D:15     | Got the Omnibus of Dusty Electrocution
 24366 | D:15     | Noticed Josephine
 24368 | D:15     | Killed Josephine
 24590 | D:15     | Found a staircase to the Depths.
 25500 | Snake:1  | Entered Level 1 of the Snake Pit
 25880 | Snake:1  | Gained mutation: You are surrounded by a moderate repulsion
                  | field. (EV +3) [demonic ancestry]
 25880 | Snake:1  | Reached XP level 16. HP: 100/114 MP: 24/29
 25883 | Snake:1  | Reached skill level 16 in Ranged Weapons
 25957 | Snake:1  | Found Genax's Distillery.
 26366 | Snake:1  | Found a runed translucent gate.
 26366 | Snake:1  | Found a runed translucent gate.
 26366 | Snake:1  | Found a runed translucent gate.
 26366 | Snake:1  | Noticed Gyruhu's ghost (adept TrSh)
 26367 | Snake:1  | Noticed Eqogoitu's ghost (adept DEEE)
 26368 | Snake:1  | Noticed Cuemoqil's ghost (journeyman TrDe)
 26368 | Snake:1  | Noticed Cuemoqil's ghost (journeyman TrDe)
 26788 | Snake:2  | Noticed Jorgrun
 26799 | Snake:2  | Killed Jorgrun
 27419 | Snake:2  | Identified the blade talisman "Vith" {rF+}
 27486 | Snake:2  | Identified the serpent talisman of the Pink Corner {+Blink
                  | Str+3 Int+2 Dex-4}
 27486 | Snake:2  | Noticed Aizul
 27495 | Snake:2  | Killed Aizul
 27533 | Snake:2  | Identified the +8 chain mail of the Cockatrice {rC++}
 27869 | Snake:3  | Noticed Mlioglotl
 27914 | Snake:3  | Noticed Agnes
 27916 | Snake:3  | Noticed Vashnia
 27930 | Snake:2  | Killed Vashnia
 27931 | Snake:2  | Reached skill level 1 in Armour
 28323 | Snake:3  | Paralysed by accursed screaming for 1 turns
 28526 | Snake:3  | Noticed Donald
 28541 | Snake:3  | Slain by Agnes

Illustrated notes

Levels and vault maps discovered:
D:1:      minmay_arrival_glassed_features, layout_basic, kennysheep_boxes
D:2:      layout_basic
D:3:      layout_loops_cross, marbit_many_paths, nicolae_uskayaw_suspiria,
          zin_scriptorium, evilmike_ruin_ashenzari, kennysheep_generic_room_4,
          uniq_pargi
D:4:      layout_cave_pods, nicolae_overflow_hidden_temple, grunt_decor_cap,
          uniq_crazy_yiuf_cottage
D:5:      layout_basic, nicolae_hepliaklqana_monster_ancestors, serial_shops,
          shop, shop_statue, nicolae_shop_waterfront, portal_sewer_entry_d,
          minmay_misc_feat_ornament, serial_library_hellmonk_layered_room,
          minmay_misc_feat_plants, feat_on_display, uniq_duvessa, uniq_menkaure
D:6:      layout_loops_corners, minmay_temple_entry_ruins
D:7:      layout_loops_ring, slow_altar_1, uniq_pikel
D:8:      layout_loops_ring, uniq_grum
D:9:      layout_gridville, grunt_temple_overflow_open, minmay_checkerbox,
          uniq_harold, uniq_psyche
D:10:     layout_gridville, minmay_protected_statue
D:11:     layout_basic, lair_entry_dummy, chequers_serial_rivers_room_a,
          amcnicky_mini_pool_small, uniq_sonja
D:12:     nicolae_cairo_tiling, layout_irregular_city, erik_orc_1,
          trog_three_pillars_becter
D:13:     layout_basic, serial_shops, shop, led_sif_pool
D:14:     layout_loops_cross, lightli_vaults_fourway_checkpoint,
          serial_park_central [serial_park_minivault_5x5_1,
          serial_park_minivault_5x5_2], drop_trap
D:15:     hangedman_crystal_crosses_colossus [crystal_crosses_arms_four,
          crystal_crosses_arms_four, crystal_crosses_arms_one], serial_shops,
          uniq_josephine
Lair:1:   layout_regular_city, chequers_serial_rivers_micro_b,
          fungi_pond_lemuel, chequers_serial_rivers_micro_e,
          kennysheep_abandoned_house, grunt_megastairs_5
Lair:2:   layout_layer_cave, minmay_snake_entry_guardpost_small
Lair:3:   layout_chaotic_city, minmay_shoals_entry_centaurs,
          kilobyte_rumbling_trees, grunt_megastairs_2, uniq_gastronok
Lair:4:   layout_loops_ring, dreamdust_mushroom_princess,
          nzn_masters_of_martial_movement
Lair:5:   hellmonk_lair_end_abyssal_woods, layout_cave_pods,
          nicolae_slime_entry_slimehenge, lemuel_fruit_tree, uniq_kirke
Snake:1:  layout_rooms, gammafunk_ghost_cemetery, nicolae_take_the_stairs,
          nicolae_snake_round_shape_thing
Snake:2:  layout_layer_cave, uniq_jorgrun, uniq_aizul
Snake:3:  layout_onion, uniq_vashnia, uniq_mlioglotl, uniq_donald, uniq_agnes
Orc:1:    layout_diamond_mine
Orc:2:    grunt_orc_tribal_feast, layout_caves, basic_altar, serial_shops, shop,
          nicolae_shop_hallway_stairs

Skill      XL: |  1  2  3  4  5  6  7  8  9 10 11 12 13 14 15 16 |
---------------+-------------------------------------------------+-----
Stealth        | 2 5 7 9 10 | 10.0
Alchemy        | 4 5 6 7 8 10 11 | 11.0
Conjurations   | 2 3 4 |  4.5
Fighting       | 1 2 3 4 5 6 8 10 11 12 | 12.5
Spellcasting   | 3 4 6 8 9 |  9.0
Ranged Weapons | 1 3 4 8 9 10 11 12 14 15 16 | 16.9
Invocations    | 2 4 6 |  6.0
Dodging        | 2 4 5 8 9 |  9.0
Fire Magic     | 4 5 |  5.0
Armour         | 1 |  1.6

Action                     |  1- 3 |  4- 6 |  7- 9 | 10-12 | 13-15 | 16-18 || total
---------------------------+-------+-------+-------+-------+-------+-------++-------
  Melee: Unarmed           |    16 |       |       |       |       |       ||    16
         Punch             |     2 |     1 |       |       |       |       ||     3
         Dagger            |    23 |    34 |       |       |       |       ||    57
         Kick              |     5 |    16 |       |       |       |       ||    21
         Rapier            |       |    24 |       |       |       |       ||    24
   Fire: Sling             |       |    24 |   167 |   502 |    17 |       ||   710
         Hand cannon       |       |       |       |       |   954 |   213 ||  1167
   Cast: Sting             |    61 |    61 |     9 |       |       |       ||   131
         Mephitic Cloud    |       |       |     2 |     4 |     4 |     3 ||    13
         Olgreb's Toxic Ra |       |       |    13 |    38 |    56 |     3 ||   110
         Sticky Flame      |       |       |       |     6 |    24 |    13 ||    43
         Ignite Poison     |       |       |       |     5 |    13 |     3 ||    21
 Invoke: Ancestor Life: Kn |       |       |       |     1 |       |       ||     1
         Transference      |       |       |       |       |       |     3 ||     3
         Recall Ancestor   |       |       |       |       |       |     2 ||     2
         Idealise          |       |       |       |       |       |     1 ||     1
    Use: Potion            |     1 |     4 |       |     1 |       |     2 ||     8
         Scroll            |       |     5 |     8 |    12 |     5 |     4 ||    34
   Stab: Sleeping          |       |     4 |       |       |       |       ||     4
 Armour: Robe              |    10 |       |       |       |       |       ||    10
         Leather armour    |     9 |    45 |    29 |    45 |    33 |       ||   161
         Skin              |       |    14 |       |       |       |       ||    14
         Animal skin       |       |       |       |       |    51 |    49 ||   100
  Dodge: Dodged            |    37 |    30 |    22 |    26 |    78 |    37 ||   230
  Block: Other             |       |       |     4 |    17 |    26 |    11 ||    58
         Reflection        |       |       |       |     1 |     6 |     1 ||     8

Table legend: (Time is in decaauts)
 A = Elapsed time spent in this place.
 B = Non-inter-level travel time spent in this place.
 C = Inter-level travel time spent in this place.
 D = Time resting spent in this place.
 E = Time spent auto-exploring this place.
 F = Levels seen in this place.
 G = Mean time per level.
                   A        B        C        D        E       F      G
               +--------+--------+--------+--------+--------+-----+--------+
         Total |  28314 |  25554 |   2760 |   2518 |  19296 |  25 | 1132.6 |
       Dungeon |  17346 |  15303 |   2043 |   1225 |  11775 |  15 | 1156.4 |
          Lair |   6425 |   5931 |    494 |    422 |   4613 |   5 | 1285.0 |
     Snake Pit |   2966 |   2862 |    104 |    763 |   1759 |   3 |  988.7 |
  Orcish Mines |   1576 |   1458 |    118 |    107 |   1148 |   2 |  788.0 |
               +--------+--------+--------+--------+--------+-----+--------+

Top non-repeatable levels by time:
  Lair:5: 1940 daAuts
 Snake:2: 1765 daAuts
     D:1: 1635 daAuts
     D:3: 1506 daAuts
    D:11: 1450 daAuts
     D:5: 1427 daAuts
    D:15: 1414 daAuts
  Lair:3: 1264 daAuts
     D:6: 1190 daAuts
   Orc:2: 1121 daAuts
  Lair:4: 1089 daAuts
  Lair:2: 1088 daAuts
    D:10: 1064 daAuts
    D:14: 1058 daAuts
     D:2: 1055 daAuts
